AoeStats
← _xRegulusx_

Lombardia

508318765Analyzed
4v4 RM · 11d ago on Sep 21, 2026· 72m 22s· 8 players
Game mode
Random Map
Map size
Large (8 player)
Population
200
Speed
Normal
Resources
Standard
Victory
Conquest
Starting age
Dark Age
Ending age
Imperial Age
RankedLock teamsTeams togetherTeam positionsShared explorationLock speedFull tech treeHidden civsTurbo modeCheats
Victory
Defeat
🇲🇽 Hindustanis · Mexico
1529
+14
🇦🇷 Italians · Argentina
1501
+15
🇧🇷 Magyars · Brazil
1479
+16
🇨🇦 Persians · Canada
1431
+19
🇪🇸 Gurjaras · Spain
1581
-19
🇨🇿 Hindustanis · Czechia
1501
-17
🇲🇽 Japanese · Mexico
1481
-16
🇫🇮 Britons · Finland
1382
-12
_xRegulusx_
7:03 Loom
10:39 Feudal Age
11:08 Double-Bit Axe
11:04 Horse Collar
16:42 Town Watch
16:49 Gold Mining
19:24 Castle Age
17:28 Stone Mining
20:19 Bow Saw
20:10 Heavy Plow
21:42 Wheelbarrow
29:35 Hand Cart
32:26 Imperial Age
31:28 Thumb Ring
32:20 Ballistics
32:07 Fletching
32:22 Caravan
32:45 Bodkin Arrow
32:32 Treadmill Crane
32:31 Heavy Cavalry Archer
33:59 Parthian Tactics
33:37 Bracer
33:35 Guard Tower
33:55 Padded Archer Armor
34:50 Kataparuto
34:51 Conscription
35:37 Chemistry
34:53 Bloodlines
34:44 Husbandry
35:48 Leather Archer Armor
37:00 Ring Archer Armor
36:42 Masonry
37:10 Scale Barding Armor
38:01 Scale Mail Armor
39:58 Keep
39:27 Yasama
39:44 Chain Mail Armor
41:10 Gold Shaft Mining
42:43 Plate Mail Armor
42:20 Siege Engineers
47:12 Forging
47:23 Chain Barding Armor
48:06 Two-Man Saw
50:17 Murder Holes
54:56 Pikeman
55:37 Squires
56:13 Iron Casting
56:25 Gambesons
57:59 Blast Furnace
57:02 Heavy Scorpion
61:07 Elite Skirmisher
66:42 Halberdier
69:39 Coinage
71:39 Banking
Full power No shower
12:45 Feudal Age
17:09 Castle Age
15:35 Double-Bit Axe
15:35 Horse Collar
16:25 Stone Mining
16:32 Gold Mining
19:22 Wheelbarrow
24:04 Bow Saw
25:15 Loom
31:26 Imperial Age
29:50 Hand Cart
29:30 Stone Mining
30:43 Gold Shaft Mining
30:19 Fletching
32:02 Bodkin Arrow
32:49 Ballistics
32:59 Elite Longbowman
34:22 Treadmill Crane
36:54 Warwolf
38:04 Town Watch
39:14 Bracer
40:11 Padded Archer Armor
40:52 Pikeman
41:48 Leather Archer Armor
42:35 Chemistry
42:38 Squires
43:10 Ring Archer Armor
42:41 Scale Mail Armor
43:06 Halberdier
44:46 Masonry
45:21 Chain Mail Armor
46:07 Yeomen
48:07 Architecture
47:42 Siege Engineers
49:02 Conscription
56:13 Hoardings
59:10 Plate Mail Armor
Bananaman651
10:19 Feudal Age
11:57 Loom
15:03 Castle Age
13:09 Double-Bit Axe
13:47 Horse Collar
15:59 Bow Saw
19:50 Wheelbarrow
25:57 Caravan
27:37 Hand Cart
28:22 Gold Mining
28:34 Heavy Plow
31:32 Imperial Age
30:13 Coinage
29:36 Fletching
29:46 Padded Archer Armor
29:43 Town Watch
30:58 Gold Shaft Mining
30:14 Stone Mining
31:37 Leather Archer Armor
31:17 Bodkin Arrow
31:24 Grand Trunk Road
31:46 Ballistics
33:22 Chemistry
33:06 Banking
33:12 Ring Archer Armor
32:50 Shatagni
33:20 Bracer
34:57 Siege Engineers
35:04 Fortified Wall
36:11 Stone Shaft Mining
36:03 Scale Barding Armor
36:08 Forging
37:01 Guard Tower
37:07 Murder Holes
39:04 Chain Barding Armor
43:28 Two-Man Saw
42:46 Husbandry
42:57 Bloodlines
43:26 Plate Barding Armor
42:52 Scale Mail Armor
42:50 Light Cavalry
44:00 Heavy Camel Rider
44:51 Hussar
46:08 Iron Casting
45:51 Imperial Camel Rider
49:58 Masonry
54:32 Blast Furnace
54:59 Siege Elephant
Nobody
7:35 Loom
11:46 Feudal Age
15:55 Castle Age
14:13 Horse Collar
14:26 Double-Bit Axe
15:06 Stone Mining
18:17 Bow Saw
18:08 Heavy Plow
23:06 Wheelbarrow
22:18 Town Watch
23:24 Gold Mining
25:49 Hand Cart
26:02 Forging
30:48 Imperial Age
29:02 Stone Shaft Mining
29:14 Scale Barding Armor
29:44 Iron Casting
29:30 Husbandry
29:40 Bloodlines
29:52 Caravan
30:25 Coinage
31:56 Conscription
30:58 Elite Shrivamsha Rider
32:42 Gold Shaft Mining
33:01 Chain Barding Armor
32:33 Fletching
33:05 Ballistics
33:25 Murder Holes
36:28 Plate Barding Armor
36:08 Heavy Camel Rider
37:52 Bodkin Arrow
37:40 Treadmill Crane
39:58 Masonry
39:42 Light Cavalry
40:21 Hussar
46:15 Banking
48:09 Chemistry
47:41 Architecture
47:22 Fortified Wall
47:38 Bracer
49:30 Frontier Guards
49:47 Hoardings
50:21 Arson
50:38 Padded Archer Armor
54:31 Leather Archer Armor
53:48 Sappers
54:05 Siege Elephant
57:09 Town Patrol
Duaaa
6:19 Loom
8:59 Feudal Age
9:51 Double-Bit Axe
10:39 Horse Collar
16:56 Bloodlines
18:47 Wheelbarrow
21:57 Castle Age
19:49 Gold Mining
20:44 Forging
20:48 Scale Barding Armor
23:15 Bow Saw
23:07 Heavy Plow
23:43 Gold Shaft Mining
25:16 Hand Cart
25:30 Husbandry
32:10 Imperial Age
30:08 Stone Mining
30:42 Chain Barding Armor
30:58 Iron Casting
32:25 Heavy Camel Rider
33:42 Plate Barding Armor
33:29 Conscription
34:10 Two-Man Saw
34:32 Blast Furnace
34:07 Town Watch
34:17 Imperial Camel Rider
37:44 Town Patrol
38:15 Fortified Wall
38:16 Masonry
39:28 Light Cavalry
40:22 Hussar
43:18 Hoardings
45:49 Siege Elephant
50:07 Fletching
51:45 Bodkin Arrow
52:37 Bracer
57:11 Coinage
59:43 Banking
59:51 Caravan
mini_mike
10:52 Feudal Age
9:18 Loom
12:20 Double-Bit Axe
15:19 Castle Age
13:25 Horse Collar
17:04 Bow Saw
21:53 Heavy Plow
21:47 Gold Mining
21:55 Town Watch
25:06 Stone Mining
27:31 Wheelbarrow
30:36 Imperial Age
28:22 Hand Cart
29:17 Scale Barding Armor
31:00 Stone Shaft Mining
31:03 Gold Shaft Mining
30:39 Forging
30:50 Chain Barding Armor
30:43 Bloodlines
30:48 Town Patrol
30:14 Cavalier
32:12 Husbandry
31:35 Savar
32:52 Iron Casting
33:25 Conscription
34:02 Plate Barding Armor
34:48 Blast Furnace
34:53 Chemistry
34:14 Ballistics
34:50 Stone Shaft Mining
34:51 Fletching
36:26 Scale Mail Armor
38:07 Bodkin Arrow
38:28 Masonry
39:31 Squires
40:13 Chain Mail Armor
42:18 Light Cavalry
43:44 Pikeman
44:10 Gambesons
44:11 Arson
44:59 Halberdier
46:25 Plate Mail Armor
47:42 Architecture
47:51 Hoardings
49:09 Caravan
49:21 Guilds
49:29 Hussar
51:25 Two-Man Saw
50:56 Crop Rotation
52:24 Citadels
Voxer El Brazilian
10:04 Feudal Age
11:12 Loom
14:10 Castle Age
12:46 Double-Bit Axe
12:41 Horse Collar
21:55 Bow Saw
23:36 Wheelbarrow
25:13 Hand Cart
25:02 Heavy Plow
28:53 Imperial Age
26:31 Fletching
27:02 Ballistics
26:39 Gold Mining
26:40 Stone Mining
27:29 Bodkin Arrow
28:43 Thumb Ring
28:38 Padded Archer Armor
29:49 Leather Archer Armor
29:36 Bracer
29:52 Leather Archer Armor
30:39 Chemistry
30:06 Parthian Tactics
32:00 Two-Man Saw
31:31 Crop Rotation
31:37 Gold Shaft Mining
30:52 Stone Mining
31:34 Conscription
31:27 Caravan
31:46 Recurve Bow
31:11 Heavy Cavalry Archer
32:59 Ring Archer Armor
33:37 Hoardings
33:11 Scale Barding Armor
33:45 Bloodlines
33:35 Husbandry
34:49 Chain Barding Armor
35:06 Corvinian Army
36:45 Plate Barding Armor
37:13 Coinage
36:09 Elite Magyar Huszar
36:18 Elite Magyar Huszar
39:38 Banking
39:46 Siege Engineers
39:52 Masonry
39:22 Treadmill Crane
45:31 Town Watch
45:50 Elite Skirmisher
54:51 Sappers
55:18 Murder Holes
jAvi
11:02 Feudal Age
14:55 Castle Age
13:02 Double-Bit Axe
13:37 Loom
15:56 Bow Saw
21:18 Horse Collar
24:09 Wheelbarrow
26:38 Hand Cart
29:46 Imperial Age
27:44 Town Watch
27:52 Fletching
28:08 Thumb Ring
28:27 Ballistics
29:11 Silk Road
29:41 Town Patrol
29:49 Bodkin Arrow
29:55 Padded Archer Armor
30:30 Bracer
31:34 Chemistry
31:37 Conscription
31:27 Gold Mining
32:52 Leather Archer Armor
32:00 Elite Skirmisher
35:04 Two-Man Saw
35:30 Pirotechnia
37:27 Ring Archer Armor
37:12 Crossbowman
39:15 Arbalester
41:52 Caravan
44:33 Elite Genoese Crossbowman
64:10 Capped Ram
65:28 Capped Ram
68:23 Scale Mail Armor
68:33 Forging
69:58 Chain Mail Armor
69:45 Squires
69:31 Arson
70:57 Iron Casting
Connection lost

Rejoining the realm…

Still unreachable

The connection could not be restored.

Session expired

The server has moved on; the page needs a fresh start.